 Dungeon Crawl Stone Soup version 0.26.1-11-gd32895ea62 (webtiles) character file.

Game seed: 16831509703058988274

267 heav the Covered (level 6, -3/53 HPs)
             Began as a Minotaur Fighter on June 23, 2021.
             Was an Initiate of Yredelemnul.
             Slain by an orc
             ... wielding a +0 flail
              (4 damage)
             ... on level 4 of the Dungeon.
             The game lasted 00:09:32 (1073 turns).

heav the Covered (Minotaur Fighter)                 Turns: 1073, Time: 00:09:32

Health: -3/53      AC:  7    Str: 21    XL:     6   Next: 0%
Magic:  5/5        EV:  8    Int:  6    God:    Yredelemnul [......]
Gold:   83         SH: 10    Dex: 10    Spells: 5/5 levels left

rFire    . . .     SeeInvis +   p - +4 whip
rCold    . . .     Faith    .   c - +0 kite shield
rNeg     . . .     Spirit   .   n - +0 scale mail
rPois    .         Reflect  .   (helmet restricted)
rElec    .         Harm     .   (no cloak)
rCorr    .         Rampage  .   (no gloves)
Will     .....                  (no boots)
Stlth    ..........             (no amulet)
HPRegen  0.17/turn              w - ring of see invisible
MPRegen  0.09/turn              (no ring)

@: no status effects
A: retaliatory headbutt, horns 2
a: Renounce Religion


You were on level 4 of the Dungeon.
You worshipped Yredelemnul.
Yredelemnul was noncommittal.
You visited 1 branch of the dungeon, and saw 4 of its levels.

You collected 83 gold pieces.

Inventory:

Hand Weapons
 a - a +0 flail
 e - a +0 giant club
 h - a +0 dagger
 i - a +1 dagger of venom
 j - a +0 club
 l - a +0 dagger
 m - a +0 flail
 o - a +0 spear
 p - a +4 whip (weapon)
 v - a +0 mace
Missiles
 k - 5 javelins (quivered)
 q - 3 stones
Armour
 b - a +0 scale mail
 c - a +0 kite shield (worn)
 f - a +0 leather armour
 g - a +0 robe
 n - a +0 scale mail (worn)
 r - a +0 robe
Jewellery
 w - a ring of see invisible (left hand)
Scrolls
 u - 2 scrolls of identify
Potions
 d - a potion of might
 s - a potion of curing
 t - a potion of haste {unknown}


   Skills:
 + Level 4.6 Fighting
 + Level 1.2 Short Blades
 + Level 3.9 Maces & Flails
 + Level 5.2 Armour
 + Level 1.5 Dodging
 + Level 4.9 Shields


You had 5 spell levels left.
You didn't know any spells.
Your spell library was empty.

Dungeon Overview and Level Annotations

Branches:
Dungeon (4/15)
 Temple: D:4-7

Altars:
Okawaru
Vehumet
Yredelemnul


Innate Abilities, Weirdness & Mutations

You reflexively headbutt those who attack you in melee.
You have a pair of horns on your head.


Message History

You feel stronger.
Your shield prevents you from hitting the ogre.
The ogre hits you with a +0 giant club! You block the orc's attack.
You whack the ogre!
The ogre is moderately wounded.
The ogre hits you with a +0 giant club! You block the orc's attack.
You barely miss the ogre.
The ogre is moderately wounded.
The ogre hits you with a +0 giant club!
* * * LOW HITPOINT WARNING * * *
The orc barely misses you. The ogre misses you.
There is a stone staircase leading down here.
Describe a (M)onster, (S)pell, s(K)ill, (A)bility, (C)ard, (I)tem, (F)eature, (G)od, (B)ranch, c(L)oud or s(T)atus?
Okay, then.
The ogre hits you with a +0 giant club!
* * * LOW HITPOINT WARNING * * *
The orc hits you with a +0 flail.
You die...
Your body rises from the dead as a mindless zombie.

................###
.............##.# ##
........##....#.#### ..##
.......##..........# ###...#
.......#...........###....##
....#......................#
....#.....................#
##.....######.............#
.#<...####.)so.O@.........#
.......##..##..o..........##
#####......###.............##
#.....#####..............#
#........#...........###..#
.....#รทรท.........#......#
.. ..#####..###.......####.#
...# #...# #.###..## #.
.........# ##.# ..


You could see an ogre, a scorpion and 2 orcs.

Vanquished Creatures
  An ogre (D:4)
  A howler monkey (D:4)
  A centaur skeleton (D:4)
  A hound (D:4)
  An orc wizard (D:4)
  3 gnolls (D:3)
  An adder skeleton (D:4)
  A dart slug (D:4)
  A leopard gecko (D:3)
  2 orcs (D:4)
  A bat (D:3)
  2 giant cockroaches (D:1)
  2 goblins (D:1)
  2 hobgoblins (D:3)
  A frilled lizard (D:2)
  3 kobolds
  2 rats (D:1)
26 creatures vanquished.

Vanquished Creatures (others)
  4 withered plants (D:3)
4 creatures vanquished.

Grand Total: 30 creatures vanquished

Notes
Turn   | Place    | Note
-------+----------+-------------------------------------------
     0 | D:1      | heav the Minotaur Fighter began the quest for the Orb.
     0 | D:1      | Reached XP level 1. HP: 19/19 MP: 0/0
   186 | D:1      | Reached skill level 4 in Armour
   406 | D:2      | Reached XP level 2. HP: 27/27 MP: 1/1
   420 | D:3      | Found a basalt altar of Yredelemnul.
   426 | D:3      | Reached XP level 3. HP: 29/33 MP: 2/2
   546 | D:3      | Became a worshipper of Yredelemnul the Dark
   734 | D:4      | Found an iron altar of Okawaru.
   738 | D:4      | Found a radiant altar of Vehumet.
   767 | D:4      | Noticed an ogre
   775 | D:4      | Killed an ogre
   776 | D:4      | Reached XP level 4. HP: 34/41 MP: 3/3
   778 | D:4      | Reached XP level 5. HP: 40/47 MP: 4/4
   781 | D:4      | Reached skill level 1 in Short Blades
   781 | D:4      | Reached skill level 1 in Dodging
   924 | D:4      | Reached skill level 5 in Armour
  1060 | D:4      | Noticed an ogre
  1066 | D:4      | Reached XP level 6. HP: 41/53 MP: 5/5
  1073 | D:4      | HP: 1/53 [ogre/+0 giant club (7)]
  1073 | D:4      | Slain by an orc

Illustrated notes

Levels and vault maps discovered:
D:1:      zelgadis_glass_arrival_small, layout_loops_ring
D:2:      layout_basic, hex_tiny, nicolae_dithmenos_shadow_blocks
D:3:      layout_loops_ring, amethyst_killhole, yredelemnul_altar_generic
D:4:      layout_cave_pools, chequers_temple_overflow_statue_of_worship,
          minmay_temple_entry_glassed_door

Skill      XL: |  1  2  3  4  5 |
---------------+----------------+-----
Armour         | 4 5 |  5.2
Shields        | 4 |  4.9
Fighting       | 4 |  4.6
Maces & Flails | 3 |  3.9
Short Blades   | 1 |  1.2
Dodging        | 1 |  1.5

Action                   |  1- 3 |  4- 6 || total
-------------------------+-------+-------++-------
Melee: Flail             |    15 |       ||    15
       Dagger            |    17 |       ||    17
       Headbutt          |    11 |     3 ||    14
       Whip              |    22 |    32 ||    54
  Use: Scroll            |     3 |       ||     3
Armor: Scale mail        |    21 |    13 ||    34
Dodge: Dodged            |    15 |    19 ||    34
Block: Kite shield       |    33 |    19 ||    52
